Map: Frostline LE

Players

HeroMarine - Winner!

  • Race: Terran Terran
  • Spawn Location: 7:00

Mixu

  • Race: Zerg Zerg
  • League: Grandmaster
  • Spawn Location: 1:00

Event: HomeStory Cup XXVI

VOD

Have the link to the VOD?

Description

Time

  • Played on: Nov. 30, 2024, 8:17 a.m.
  • Length: 8:24

All games in this series

Show
View Real Time Build Order
Export as new Build Order

HeroMarine Terran - Winner!

Build Orders: Reaper Expand, Hellion Banshee 

Get SALT Encoding   

  12  0:00  SCV  
  13  0:12  SCV  
  14  0:16  Supply Depot  
  14  0:24  SCV  
  15  0:38  SCV  
  15  0:40  Barracks  
  16  0:43  Refinery  
  16  0:50  SCV  
  17  1:02  SCV  
  18  1:14  SCV  
  19  1:26  Reaper  
  19  1:27  Orbital Command  
  20  1:39  Command Center  
  20  1:46  Supply Depot  
  20  1:52  SCV  
  21  1:58  Marine  
  22  2:04  SCV  
  23  2:10  Factory  
  23  2:16  SCV  
  23  2:22  Barracks Reactor  
  24  2:28  SCV  
  25  2:39  Command Center  
  25  2:40  SCV  
  26  2:50  Orbital Command  
  26  2:52  SCV  
  27  3:00  Starport  
  27  3:05  SCV  
  28  3:11  Hellion  
  28  3:12  Hellion  
  32  3:14  Refinery  
  32  3:17  SCV x2  
  34  3:20  Barracks Tech Lab  
  34  3:29  SCV x2  
  34  3:33  Hellion x2  
  40  3:41  SCV x2  
  42  3:53  SCV x2  
  42  3:54  Marine, Hellion, Banshee  
  52  4:01  Orbital Command  
  45  4:05  SCV x2  
  45  4:08  Hellion  
  44  4:12  Marine  
  44  4:17  SCV x2  
  45  4:26  Cloaking Field  
  45  4:29  SCV x2  
  45  4:31  Marine  
  43  4:32  Hellion  
  43  4:35  SCV  
  46  4:41  SCV  
  46  4:42  SCV  
  48  4:47  SCV  
  48  4:49  Supply Depot  
  48  4:52  Banshee  
  49  4:53  SCV  
  49  4:54  Factory Reactor  
  49  4:55  Barracks Tech Lab  
  53  5:00  SCV x2  
  53  5:05  SCV  
  53  5:12  Supply Depot, SCV x2  
  55  5:15  Marine, Stimpack  
  55  5:18  SCV  
  57  5:24  SCV, Barracks  
  57  5:25  Barracks  
  57  5:27  Engineering Bay x2  
  58  5:30  SCV x2  
  58  5:34  Refinery x2  
  58  5:35  Marine  
  60  5:36  SCV  
  60  5:37  Supply Depot  
  60  5:42  SCV  
  64  5:44  Orbital Command  
  64  5:48  SCV  
  64  5:50  Siege Tank  
  64  5:51  Starport Reactor, Barracks  
  64  5:53  Barracks  
  67  6:00  Supply Depot  
  67  6:01  SCV x2  
  67  6:02  Marine  
  67  6:03  Supply Depot  
  70  6:04  Terran Infantry Weapons Level 1, Terran Infantry Armor Level 1  
  70  6:10  Supply Depot  
  70  6:13  SCV x3  
  73  6:25  SCV  
  74  6:26  SCV x2  
  74  6:31  Siege Tank  
  79  6:37  SCV  
  79  6:38  SCV x2, Marine x4  
  79  6:39  Starport Reactor  
  86  6:42  Marine, Barracks Reactor x2  
  87  6:48  Supply Depot  
  87  6:49  Supply Depot, SCV  
  87  6:51  SCV x2  
  90  6:54  Supply Depot  
  90  7:00  Marine x2, Refinery  
  93  7:01  SCV, Marine x2  
  93  7:03  SCV x2, Siege Tank  
  93  7:04  Marine  
  101  7:11  Supply Depot  
  101  7:13  Supply Depot, SCV  
  101  7:15  SCV x2, Armory  
  104  7:18  Marine, Medivac  
  104  7:19  Medivac  
  104  7:20  Marine x4  
  113  7:23  Marine x2  
  113  7:24  Marine  
  113  7:25  SCV  
  113  7:27  SCV  
  118  7:30  Marine  
  118  7:35  Siege Tank, Marine  
  120  7:37  Marine  
  120  7:38  Marine x3  
  120  7:40  Marine  
  120  7:41  Marine x2  
  120  7:43  Supply Depot  
  123  7:44  Supply Depot  
  123  7:51  Medivac x2  
  128  7:53  Marine  
  128  7:55  Marine x2  
  128  7:56  Marine x2  
  128  7:58  Marine x2, Command Center  
  133  7:59  Marine  
  133  8:03  Factory  
  141  8:19  Command Center  
  141  8:21  Sensor Tower  
Show
View Real Time Build Order
Export as new Build Order

Mixu Zerg 

Build Orders: Hatch First, Zergling Baneling 

Get SALT Encoding   

  12  0:00  Drone  
  13  0:12  Overlord  
  13  0:16  Drone  
  14  0:30  Drone x2  
  16  0:46  Hatchery  
  16  0:49  Drone  
  16  0:52  Drone  
  16  0:56  Drone  
  18  1:08  Extractor  
  18  1:11  Spawning Pool  
  16  1:15  Drone  
  16  1:18  Drone  
  18  1:27  Drone  
  19  1:40  Drone  
  20  1:50  Drone  
  21  1:58  Queen x2  
  21  1:59  Zergling x2  
  21  2:00  Overlord  
  26  2:08  Metabolic Boost  
  26  2:12  Drone  
  26  2:15  Drone  
  28  2:20  Zergling x2  
  29  2:33  Hatchery  
  28  2:42  Baneling Nest  
  28  2:43  Zergling x4  
  29  2:48  Overlord  
  29  2:51  Zergling x2  
  30  2:53  Zergling x2  
  30  2:56  Zergling x2  
  32  3:00  Zergling x2  
  32  3:04  Zergling x2  
  33  3:09  Zergling x6  
  33  3:12  Zergling x2  
  36  3:14  Zergling x2  
  36  3:18  Zergling x2  
  38  3:24  Zergling x4  
  40  3:28  Zergling x4  
  40  3:34  Baneling x4  
  42  3:36  Baneling  
  42  3:40  Zergling x2  
  43  3:44  Zergling x2  
  43  3:47  Zergling x2  
  43  3:48  Zergling x2  
  45  3:53  Zergling x4  
  45  3:57  Zergling x4  
  45  4:00  Zergling x2  
  42  4:03  Zergling x2  
  42  4:04  Baneling  
  42  4:09  Baneling  
  39  4:11  Zergling x2  
  39  4:13  Zergling x2  
  39  4:15  Zergling x2  
  40  4:21  Zergling x4  
  40  4:25  Zergling x2  
  40  4:26  Baneling  
  40  4:29  Zergling x2  
  40  4:31  Zergling x2  
  37  4:42  Drone  
  37  4:43  Drone  
  40  4:45  Drone  
  40  4:49  Lair  
  40  4:52  Drone  
  39  4:53  Drone  
  39  4:56  Drone  
  39  5:03  Drone x2  
  39  5:04  Drone  
  39  5:08  Drone  
  39  5:12  Drone x2  
  42  5:15  Drone  
  43  5:22  Drone x4  
  43  5:24  Drone  
  48  5:29  Overlord  
  48  5:30  Drone  
  49  5:42  Overlord  
  49  5:47  Queen  
  49  5:48  Drone x5  
  56  5:50  Drone  
  56  5:51  Overseer  
  55  5:58  Overlord  
  55  6:00  Drone x3  
  55  6:03  Spore Crawler  
  55  6:04  Drone  
  58  6:16  Queen  
  58  6:17  Queen  
  60  6:19  Drone x6  
  60  6:23  Extractor  
  60  6:24  Drone x3  
  63  6:30  Drone x3  
  64  6:33  Overlord  
  64  6:36  Drone x2  
  64  6:42  Queen, Overlord  
  64  6:43  Drone  
  64  6:47  Drone, Evolution Chamber  
  64  6:52  Queen, Baneling Nest  
  65  6:56  Overlord  
  65  6:58  Drone x3  
  68  7:01  Extractor  
  68  7:04  Drone x2  
  68  7:08  Centrifugal Hooks  
  69  7:09  Evolution Chamber  
  69  7:14  Hatchery, Zergling x6  
  70  7:19  Zergling x2  
  70  7:21  Queen  
  73  7:24  Zergling x2, Evolution Chamber  
  73  7:26  Evolution Chamber  
  72  7:32  Drone x3, Overlord  
  72  7:35  Drone x2  
  79  7:43  Drone x3  
  81  7:45  Drone, Extractor  
  81  7:51  Overlord  
  81  7:52  Drone x3  
  84  8:00  Drone x3  
  84  8:05  Zergling x2  
  88  8:12  Hatchery  
Tags
 
Add a new tag
Caveats
  • Supply blocks, unpowered buildings, or Contaminate may cause inaccurate times.
  • Supply counts are checked every 10 seconds.